 Dungeon Crawl Stone Soup version 0.23.0-28-g6fe0f4d (webtiles) character file.

Game seed: 7028331646243131348

943 redwoodhats the Ruffian (level 7, 0/65 HPs)
             Began as a Troll Arcane Marksman on Feb 25, 2019.
             Slain by a water moccasin (4 damage)
             ... on level 6 of the Dungeon.
             The game lasted 00:36:05 (5119 turns).

redwoodhats the Ruffian (Troll Arcane Marksman)     Turns: 5119, Time: 00:36:05

Health: 0/65       AC:  6    Str: 22    XL:     7   Next: 88%
Magic:  0/8        EV: 13    Int: 11    God:
Gold:   363        SH:  0    Dex: 10    Spells: 8/9 levels left

rFire    + . .     SeeInvis .     - Unarmed
rCold    + . .     Gourm    +   (no shield)
rNeg     . . .     Faith    .   a - +0 robe
rPois    .         Spirit   +   (helmet restricted)
rElec    .         Reflect  .   w - scarf {rC+ rF+}
rCorr    .         Harm     .   (gloves unavailable)
MR       .....                  (boots unavailable)
Stlth    +.........             y - amulet of guardian spirit
HPRegen  0.60/turn              m - +2 ring of evasion
MPRegen  0.11/turn              e - +3 ring of strength

@: lethally poisoned (0 -> -18)
A: large, unfitting armour, claws 3, fast metabolism 3, gourmand, regeneration
1, shaggy fur 1, tough skin 3
a: no special abilities


You were on level 6 of the Dungeon.
You were not hungry.

You visited 1 branch of the dungeon, and saw 6 of its levels.

You collected 363 gold pieces.

Inventory:

Hand Weapons
 u - a +4 quarterstaff of chaos
 C - a +0 arbalest
Missiles
 c - 3 large rocks (quivered)
 j - 5 tomahawks
 l - a throwing net
 D - 17 bolts
Armour
 a - a +0 robe (worn)
 w - a scarf of resistance (worn)
Jewellery
 e - a +3 ring of strength (right claw)
 k - an uncursed amulet of rage
 m - a +2 ring of evasion (left claw)
 q - an uncursed ring of see invisible
 y - an amulet of guardian spirit (around neck)
Wands
 b - a wand of paralysis (7)
 i - a wand of flame (23)
 s - a wand of polymorph (8)
Scrolls
 f - a scroll of random uselessness
 g - 3 scrolls of remove curse
 o - a scroll of magic mapping
 p - a scroll of amnesia
 r - 3 scrolls of identify
 A - a scroll of teleportation
 B - a scroll of enchant armour {unknown}
Potions
 h - 3 potions of lignification
 n - a potion of degeneration
 t - a potion of mutation {unknown}
Comestibles
 d - a chunk of flesh


   Skills:
 + Level 2.1 Fighting
 + Level 1.9 Staves
 + Level 3.1 Throwing
 + Level 3.7 Dodging
 + Level 0.5 Stealth
 + Level 4.3 Unarmed Combat
 + Level 1.6 Spellcasting
 + Level 3.1 Hexes


You had 8 spell levels left.
You knew the following spells:

 Your Spells              Type           Power        Failure   Level  Hunger
a - Corona                Hex            #......      9%          1    ##.....

Your spell library contained the following spells:

 Spells                   Type           Power        Failure   Level  Hunger
 Slow                     Hex            #.......     13%         2    ###....
 Inner Flame              Hex/Fire       #.......     43%         3    ####...
 Portal Projectile        Hex/Tloc       #.....       43%         3    ####...
 Cause Fear               Hex            #.........   63%         4    #####..
 Leda's Liquefaction      Hex/Erth       #.........   83%         4    #####..


Dungeon Overview and Level Annotations

Branches:
Dungeon (6/15)
 Temple: D:4-7

Altars:
Ashenzari
Cheibriados
Dithmenos
Trog
Wu Jian
Yredelemnul

Shops:
D:5 :


Innate Abilities, Weirdness & Mutations

You are too large for most types of armour.
You have claws for hands.
Your metabolism is lightning-fast.
You like to eat raw meat.
Your natural rate of healing is unusually fast.
You are covered in fur. (AC +1)
You have extremely tough skin. (AC +3)


Message History

The water moccasin completely misses you.
You barely miss the bullfrog zombie.
The bullfrog zombie is severely damaged.
* * * LOW HITPOINT WARNING * * *
You feel very sick. The bullfrog zombie closely misses you.
The water moccasin bites you.
* * * LOW HITPOINT WARNING * * *
The bullfrog zombie hits you but does no damage.
You claw the bullfrog zombie!
You destroy the bullfrog zombie!
* * * LOW HITPOINT WARNING * * *
You feel very sick. The quokka barely misses you. The water moccasin bites you!
* * * LOW HITPOINT WARNING * * *
You scratch the quokka.
The quokka is moderately wounded.
* * * LOW HITPOINT WARNING * * *
You feel very sick. The water moccasin bites you!
You die...

###. ...............#
## ...............# ##
...............# ##.
..............# ##..
..............# ##..#
..............# ##..##
.......r.(...######..##
.......@............##
.......†S...#######..#
###........## #..#
####.....# #..# #..####
#..# #.## ##.# #.. .#
... .#


You could see a water moccasin and a quokka.

Vanquished Creatures
  Sigmund (D:4)
  Purgy (D:4)
  A black bear (D:6)
  A scorpion (D:4)
  A howler monkey (D:5)
  A bullfrog zombie (D:6)
  Crazy Yiuf (D:4)
  3 hounds
  2 iguanas
  2 orc wizards (D:5)
  3 worker ants
  10 adders
  An ooze (D:2)
  2 adder skeletons (D:5)
  2 worms
  12 orcs
  2 ball pythons
  3 giant cockroaches
  8 goblins
  7 hobgoblins
  6 jackals
  2 quokkas (D:2)
  6 bats
  5 kobolds
  A quokka zombie (D:5)
  4 rats
88 creatures vanquished.

Notes
Turn   | Place    | Note
-------+----------+-------------------------------------------
     0 | D:1      | redwoodhats the Troll Arcane Marksman began the quest for
                  | the Orb.
     0 | D:1      | Reached XP level 1. HP: 18/18 MP: 1/1
   108 | D:1      | Reached XP level 2. HP: 25/26 MP: 2/2
   748 | D:2      | Reached XP level 3. HP: 29/32 MP: 3/3
  1242 | D:2      | Reached skill level 1 in Unarmed Combat
  1611 | D:2      | Found a basalt altar of Yredelemnul.
  1611 | D:2      | Found a snail-covered altar of Cheibriados.
  1612 | D:2      | Found a shattered altar of Ashenzari.
  2067 | D:3      | Reached XP level 4. HP: 40/40 MP: 4/4
  2865 | D:4      | Noticed Sigmund
  2917 | D:3      | Reached skill level 1 in Fighting
  2921 | D:3      | Reached XP level 5. HP: 39/48 MP: 4/6
  3006 | D:4      | Reached skill level 2 in Unarmed Combat
  3012 | D:4      | Found a shadowy altar of Dithmenos.
  3021 | D:4      | Noticed Purgy
  3045 | D:4      | Killed Purgy
  3045 | D:4      | Reached XP level 6. HP: 5/55 MP: 7/7
  3141 | D:4      | Killed Sigmund
  3141 | D:4      | Reached skill level 3 in Unarmed Combat
  3240 | D:4      | Reached XP level 7. HP: 62/62 MP: 6/8
  3477 | D:4      | Found a runed translucent door.
  3478 | D:4      | Noticed Crazy Yiuf
  3489 | D:4      | Killed Crazy Yiuf
  3590 | D:5      | Entered Level 5 of the Dungeon
  3636 | D:5      | Found a bloodstained altar of Trog.
  3796 | D:5      | Found an ornate altar of the Wu Jian Council.
  4007 | D:5      | Reached skill level 4 in Unarmed Combat
  4029 | D:5      | Found Doivigil's Book Boutique.
  4068 | D:5      | Identified the +2 leather armour "Dohaweph" {rN+ rCorr
                  | Str-2 Int+4}
  4092 | D:5      | Reached skill level 1 in Staves
  5119 | D:6      | Slain by a water moccasin

Skill      XL: |  1  2  3  4  5  6  7 |
---------------+----------------------+-----
Throwing       | 2 3 |  3.1
Unarmed Combat | 1 2 3 4 |  4.3
Fighting       | 1 2 |  2.1
Dodging        | 2 3 |  3.7
Hexes          | 3 |  3.1
Staves         | 1 |  1.9
Stealth        | |  0.5
Spellcasting   | |  1.6

Action                   |  1- 3 |  4- 6 |  7- 9 || total
-------------------------+-------+-------+-------++-------
Melee: Unarmed           |   101 |    88 |    52 ||   241
       Punch             |       |     1 |       ||     1
       Quarterstaff      |       |       |    80 ||    80
       Arbalest          |       |       |     8 ||     8
Throw: Large rock        |    17 |     8 |     1 ||    26
       Throwing net      |     2 |     1 |       ||     3
       Tomahawk          |     1 |     2 |       ||     3
 Cast: Corona            |     9 |     5 |     4 ||    18
  Use: Scroll            |     7 |       |     4 ||    11
       Potion            |     4 |     1 |       ||     5
 Stab: Sleeping          |     1 |       |     1 ||     2
  Eat: Ration            |     5 |     2 |     4 ||    11
       Chunk             |       |     3 |     8 ||    11
Armor: Robe              |    55 |    30 |    62 ||   147
       Skin              |       |    13 |       ||    13
Dodge: Dodged            |    74 |    80 |   121 ||   275
